APP
MISSOULA OSPREY @ CHICAGO (APP) CUBS
09/06/2046
 
TOP OF THE 1ST
Missoula Osprey batting - Pitching for Chicago (APP) Cubs : RHP Velimir Sljivancanin
Pitching: RHP Velimir Sljivancanin
Batting: RHB Hyeok Shon 0-0: Ground out 1-3 (Groundball, 25, EV 67.5 MPH)
Batting: RHB Edwin Romero 0-0: Ball
1-0: Fly out, F9 (Flyball, 9D, EV 98.1 MPH)
Batting: SHB Ed Vargas 0-0: Ball
1-0: Reached on error, E7 (Flyball, 7S, EV 95.6 MPH)
Batting: RHB D.J. Cooke 0-0: Swinging Strike
0-1: Ball
1-1: Called Strike
1-2: Foul Ball, location: 2F
1-2: Strikes out swinging
Top of the 1st over - 0 runs, 0 hits, 1 error, 1 left on base; Missoula 0 - Chicago (APP) 0
BOTTOM OF THE 1ST
Chicago (APP) Cubs batting - Pitching for Missoula Osprey : RHP Tom Moore
Pitching: RHP Tom Moore
Batting: RHB Adrian Cox 0-0: Foul Ball, location: 2F
0-1: Swinging Strike
0-2: Strikes out swinging
Batting: RHB Mike Hill 0-0: Foul Ball, location: 2F
0-1: Ball
1-1: Fly out, F7 (Flyball, 7, EV 88.1 MPH)
Batting: RHB T.J. Garrison 0-0: Foul Ball, location: 2F
0-1: Called Strike
0-2: Foul Ball, location: 2F
0-2: Ball
1-2: Strikes out swinging
Bottom of the 1st over - 0 runs, 0 hits, 0 errors, 0 left on base; Missoula 0 - Chicago (APP) 0
TOP OF THE 2ND
Missoula Osprey batting - Pitching for Chicago (APP) Cubs : RHP Velimir Sljivancanin
Batting: LHB Dallas Kelly 0-0: Called Strike
0-1: Ground out U3 (Groundball, 3, EV 93.1 MPH)
Batting: RHB Mike Swift 0-0: Called Strike
0-1: Swinging Strike
0-2: Strikes out swinging, 2-3 out at first.
Batting: LHB Josh Thomas 0-0: Called Strike
0-1: Ball
1-1: Ball
2-1: Called Strike
2-2: Strikes out swinging
Top of the 2nd over - 0 runs, 0 hits, 0 errors, 0 left on base; Missoula 0 - Chicago (APP) 0
BOTTOM OF THE 2ND
Chicago (APP) Cubs batting - Pitching for Missoula Osprey : RHP Tom Moore
Batting: LHB Hiroki Yamamoto 0-0: Called Strike
0-1: Ball
1-1: Ground out 5-3 (Groundball, 56S, EV 82.5 MPH)
Batting: RHB Dustin Goldsborough 0-0: Foul Ball, location: 2F
0-1: Ball
1-1: Ball
2-1: Called Strike
2-2: Strikes out swinging
Batting: RHB Andy Baumhardt 0-0: Ball
1-0: Swinging Strike
1-1: Foul Ball, location: 2F
1-2: Ball
2-2: Foul Ball, location: 2F
2-2: Ground out 6-3 (Groundball, 6, EV 107.5 MPH)
Bottom of the 2nd over - 0 runs, 0 hits, 0 errors, 0 left on base; Missoula 0 - Chicago (APP) 0
TOP OF THE 3RD
Missoula Osprey batting - Pitching for Chicago (APP) Cubs : RHP Velimir Sljivancanin
Batting: RHB Orlando Florez 0-0: Ball
1-0: Ground out 4-3 (Groundball, 34, EV 85.0 MPH)
Batting: SHB Ethan Newby 0-0: DOUBLE (Line Drive, 78M, EV 113.1 MPH)
Batting: RHB Hyeok Shon 0-0: Called Strike
0-1: Swinging Strike
0-2: Ball
1-2: Strikes out swinging
Batting: RHB Edwin Romero 0-0: Ball
1-0: Reached on error, E5 (Groundball, 5, EV 80.0 MPH)
Ethan Newby scores
Batting: SHB Ed Vargas 0-0: Ball
1-0: Ground out 5-3 (Groundball, 56, EV 85.6 MPH)
Top of the 3rd over - 1 run, 1 hit, 1 error, 1 left on base; Missoula 1 - Chicago (APP) 0
BOTTOM OF THE 3RD
Chicago (APP) Cubs batting - Pitching for Missoula Osprey : RHP Tom Moore
Batting: LHB Tom Mooney 0-0: Fly out, F8 (Flyball, 8LM, EV 90.0 MPH)
Batting: RHB Ricardo Saucedo 0-0: Called Strike
0-1: Called Strike
0-2: Strikes out swinging, 2-3 out at first.
Batting: RHB Bogdan Sdobnyakov 0-0: Called Strike
0-1: Foul Ball, location: 2F
0-2: Ball
1-2: Foul Ball, location: 2F
1-2: Foul Ball, location: 2F
1-2: Strikes out swinging
Bottom of the 3rd over - 0 runs, 0 hits, 0 errors, 0 left on base; Missoula 1 - Chicago (APP) 0
TOP OF THE 4TH
Missoula Osprey batting - Pitching for Chicago (APP) Cubs : RHP Velimir Sljivancanin
Batting: RHB D.J. Cooke 0-0: Called Strike
0-1: Ball
1-1: Fly out, F8 (Line Drive, 89M, EV 90.6 MPH)
Batting: LHB Dallas Kelly 0-0: Called Strike
0-1: Swinging Strike
0-2: Ball
1-2: Fly out, F7 (Flyball, 78M, EV 95.6 MPH)
Batting: RHB Mike Swift 0-0: Foul Ball, location: 2F
0-1: Ball
1-1: DOUBLE (Flyball, 8LXD, EV 104.4 MPH)
Batting: LHB Josh Thomas 0-0: Ball
1-0: Foul Ball, location: 2F
1-1: Swinging Strike
1-2: Ball
Passed Ball!
Mike Swift to third
2-2: Strikes out swinging
Top of the 4th over - 0 runs, 1 hit, 0 errors, 1 left on base; Missoula 1 - Chicago (APP) 0
BOTTOM OF THE 4TH
Chicago (APP) Cubs batting - Pitching for Missoula Osprey : RHP Tom Moore
Batting: RHB Adrian Cox 0-0: Foul Ball, location: 2F
0-1: Ball
1-1: Foul Ball, location: 2F
1-2: Foul Ball, location: 2F
1-2: Ground out 3-1 (Groundball, 34, EV 81.2 MPH)
Batting: RHB Mike Hill 0-0: Ball
1-0: Ball
2-0: Ball
3-0: Base on Balls
Batting: RHB T.J. Garrison 0-0: Called Strike
0-1: Called Strike
0-2: Foul Ball, location: 2F
0-2: Strikes out looking
Batting: LHB Hiroki Yamamoto 0-0: Ball
1-0: Ball
2-0: Ball
3-0: Base on Balls
Mike Hill to second
Batting: RHB Dustin Goldsborough 0-0: Called Strike
0-1: Called Strike
0-2: Ball
1-2: Foul Ball, location: 2F
1-2: Ball
2-2: Foul Ball, location: 2F
2-2: Ball
3-2: Strikes out looking
Bottom of the 4th over - 0 runs, 0 hits, 0 errors, 2 left on base; Missoula 1 - Chicago (APP) 0
TOP OF THE 5TH
Missoula Osprey batting - Pitching for Chicago (APP) Cubs : RHP Velimir Sljivancanin
Batting: RHB Orlando Florez 0-0: Ball
1-0: Fly out, F9 (Flyball, 89M, EV 91.2 MPH)
Batting: SHB Ethan Newby 0-0: Ball
1-0: Foul Ball, location: 2F
1-1: Foul Ball, location: 2F
1-2: SINGLE (Groundball, 56, EV 107.5 MPH)
Batting: RHB Hyeok Shon 0-0: Ball
1-0: Called Strike
1-1: Swinging Strike
Passed Ball!
Ethan Newby to second
1-2: Foul Ball, location: 2F
1-2: Ball
2-2: Reached on error, E6 (Groundball, 6M, EV 79.4 MPH)
Ethan Newby scores
Batting: RHB Edwin Romero 0-0: Ball
1-0: Ground out 5-3 (Groundball, 5, EV 90.6 MPH)
Batting: SHB Ed Vargas 0-0: Foul Ball, location: 2F
0-1: Ball
1-1: Ball
2-1: Foul Ball, location: 2F
2-2: 2-RUN HOME RUN (Flyball, 9D, EV 96.2 MPH), Distance : 388 ft
Batting: RHB D.J. Cooke 0-0: Ground out 4-3 (Groundball, 4M, EV 90.0 MPH)
Top of the 5th over - 3 runs, 2 hits, 1 error, 0 left on base; Missoula 4 - Chicago (APP) 0
BOTTOM OF THE 5TH
Chicago (APP) Cubs batting - Pitching for Missoula Osprey : RHP Tom Moore
Pitching: RHP Moises Baez
Batting: RHB Andy Baumhardt 0-0: Called Strike
0-1: Swinging Strike
0-2: Ball
1-2: Ball
2-2: Strikes out swinging
Batting: LHB Tom Mooney 0-0: Ball
1-0: Swinging Strike
1-1: Foul Ball, location: 2F
1-2: Strikes out swinging
Batting: RHB Ricardo Saucedo 0-0: Ball
1-0: Ball
2-0: Swinging Strike
2-1: Called Strike
2-2: Foul Ball, location: 2F
2-2: Strikes out swinging
Bottom of the 5th over - 0 runs, 0 hits, 0 errors, 0 left on base; Missoula 4 - Chicago (APP) 0
TOP OF THE 6TH
Missoula Osprey batting - Pitching for Chicago (APP) Cubs : RHP Velimir Sljivancanin
Batting: LHB Dallas Kelly 0-0: Called Strike
0-1: Foul Ball, location: 2F
0-2: Strikes out swinging
Batting: RHB Mike Swift 0-0: Ball
1-0: Foul Ball, location: 2F
1-1: Reached on error, E5 (Groundball, 5, EV 81.9 MPH)
Batting: LHB Josh Thomas 0-0: Ball
1-0: Called Strike
1-1: Called Strike
1-2: TRIPLE (Groundball, 3L, EV 96.9 MPH)
Mike Swift scores
Batting: RHB Orlando Florez 0-0: Foul Ball, location: 2F
0-1: Foul Ball, location: 2F
0-2: Fly out, F9 (Flyball, 9, EV 90.0 MPH)
Runner from 3rd tags up, OUT at HOME! 9-2
Top of the 6th over - 1 run, 1 hit, 1 error, 0 left on base; Missoula 5 - Chicago (APP) 0
BOTTOM OF THE 6TH
Chicago (APP) Cubs batting - Pitching for Missoula Osprey : RHP Moises Baez
Batting: RHB Bogdan Sdobnyakov 0-0: Called Strike
0-1: Ball
1-1: Foul Ball, location: 2F
1-2: Foul Ball, location: 2F
1-2: Ball
2-2: Strikes out swinging
Batting: RHB Adrian Cox 0-0: Ground out 4-3 (Groundball, 4, EV 88.1 MPH)
Batting: RHB Mike Hill 0-0: Ball
1-0: Swinging Strike
1-1: Foul Ball, location: 2F
1-2: Foul Ball, location: 2F
1-2: SINGLE (Line Drive, 7LS, EV 91.2 MPH)
Batting: RHB T.J. Garrison 0-0: Called Strike
0-1: Swinging Strike
Passed Ball!
Mike Hill to second
0-2: Strikes out swinging
Bottom of the 6th over - 0 runs, 1 hit, 0 errors, 1 left on base; Missoula 5 - Chicago (APP) 0
TOP OF THE 7TH
Missoula Osprey batting - Pitching for Chicago (APP) Cubs : RHP Velimir Sljivancanin
Batting: SHB Ethan Newby 0-0: SOLO HOME RUN (Line Drive, 89XD, EV 105.0 MPH), Distance : 439 ft
Batting: RHB Hyeok Shon 0-0: Called Strike
0-1: Foul Ball, location: 2F
0-2: Ball
1-2: Strikes out swinging
Batting: RHB Edwin Romero 0-0: Called Strike
0-1: Ball
1-1: Fly out, F5 (Line Drive, 5L, EV 73.1 MPH)
Batting: SHB Ed Vargas 0-0: Ball
1-0: Ball
2-0: Ball
3-0: Called Strike
3-1: Base on Balls
Batting: RHB D.J. Cooke 0-0: Ball
1-0: Ball
2-0: Ball
3-0: Called Strike
3-1: Ground out 4-3 (Groundball, 4, EV 84.4 MPH)
Top of the 7th over - 1 run, 1 hit, 0 errors, 1 left on base; Missoula 6 - Chicago (APP) 0
BOTTOM OF THE 7TH
Chicago (APP) Cubs batting - Pitching for Missoula Osprey : RHP Moises Baez
Batting: LHB Hiroki Yamamoto 0-0: Ball
1-0: Foul Ball, location: 2F
1-1: Foul Ball, location: 2F
1-2: Strikes out looking
Batting: RHB Dustin Goldsborough 0-0: Ball
1-0: Ball
2-0: Foul Ball, location: 2F
2-1: Foul Ball, location: 2F
2-2: Fly out, F7 (Line Drive, 7S, EV 90.0 MPH)
Pitching: RHP Edwin Martinez
Batting: RHB Andy Baumhardt 0-0: Called Strike
0-1: Called Strike
0-2: Ball
1-2: Foul Ball, location: 2F
1-2: Ground out 5-3 (Groundball, 56, EV 103.1 MPH)
Bottom of the 7th over - 0 runs, 0 hits, 0 errors, 0 left on base; Missoula 6 - Chicago (APP) 0
TOP OF THE 8TH
Missoula Osprey batting - Pitching for Chicago (APP) Cubs : RHP Velimir Sljivancanin
Batting: LHB Dallas Kelly 0-0: Ball
1-0: Ball
2-0: Ball
3-0: Called Strike
3-1: Base on Balls
Batting: RHB Mike Swift 0-0: Foul Ball, location: 2F
0-1: Ball
1-1: Swinging Strike
1-2: Strikes out swinging
Pitching: RHP Trevor Woodbury
Batting: LHB Josh Thomas 0-0: Ball
1-0: Ball
2-0: Ball
3-0: Called Strike
3-1: Foul Ball, location: 2F
3-2: Base on Balls
Dallas Kelly to second
Batting: RHB Orlando Florez 0-0: Ball
1-0: Called Strike
1-1: Swinging Strike
Passed Ball!
Dallas Kelly to third
Josh Thomas to second
1-2: Ball
2-2: SINGLE (Groundball, 56D, EV 98.8 MPH)
Dallas Kelly scores
Josh Thomas to third
Batting: SHB Ethan Newby 0-0: Ball
1-0: Foul Ball, location: 2F
1-1: Ball
2-1: Ball
3-1: Called Strike
3-2: Strikes out swinging
Batting: RHB Hyeok Shon 0-0: Ball
1-0: Ball
2-0: Called Strike
2-1: Ball
3-1: SINGLE (Groundball, 56D, EV 101.2 MPH)
Josh Thomas scores
Orlando Florez to second
Throwing error, E7
Orlando Florez scores
Hyeok Shon to second
Batting: RHB Edwin Romero 0-0: Foul Ball, location: 2F
0-1: Foul Ball, location: 2F
0-2: Ball
1-2: Ball
2-2: Ball
3-2: Base on Balls
Batting: SHB Ed Vargas 0-0: Called Strike
0-1: Foul Ball, location: 2F
0-2: Hit by Pitch
Hyeok Shon to third
Edwin Romero to second
Batting: RHB D.J. Cooke 0-0: Called Strike
0-1: Ball
Wild Pitch!
Hyeok Shon scores
Edwin Romero to third
Ed Vargas to second
1-1: Swinging Strike
1-2: Foul Ball, location: 2F
1-2: Strikes out swinging
Top of the 8th over - 4 runs, 2 hits, 1 error, 2 left on base; Missoula 10 - Chicago (APP) 0
BOTTOM OF THE 8TH
Chicago (APP) Cubs batting - Pitching for Missoula Osprey : RHP Edwin Martinez
Batting: LHB Tom Mooney 0-0: Foul Ball, location: 2F
0-1: Foul Ball, location: 2F
0-2: Ball
1-2: Strikes out swinging
Batting: RHB Ricardo Saucedo 0-0: Called Strike
0-1: Ball
1-1: Foul Ball, location: 2F
1-2: Strikes out swinging
Batting: RHB Bogdan Sdobnyakov 0-0: Ball
1-0: Called Strike
1-1: Ball
2-1: Called Strike
2-2: Foul Ball, location: 2F
2-2: Strikes out looking
Bottom of the 8th over - 0 runs, 0 hits, 0 errors, 0 left on base; Missoula 10 - Chicago (APP) 0
TOP OF THE 9TH
Missoula Osprey batting - Pitching for Chicago (APP) Cubs : RHP Trevor Woodbury
Pitching: RHP Jose Mata
Batting: LHB Dallas Kelly 0-0: Called Strike
0-1: Swinging Strike
0-2: Ball
1-2: Ball
2-2: Ball
3-2: Foul Ball, location: 2F
3-2: Base on Balls
Batting: RHB Mike Swift 0-0: Called Strike
0-1: Ball
1-1: Foul Ball, location: 2F
1-2: Foul Ball, location: 2F
1-2: Ball
2-2: DOUBLE (Groundball, 5L, EV 103.8 MPH)
Dallas Kelly to third
Batting: LHB Josh Thomas 0-0: Ball
1-0: Swinging Strike
1-1: Ball
2-1: Ball
3-1: Foul Ball, location: 2F
3-2: Base on Balls
Pitching: RHP Roberto Cruz
Batting: RHB Orlando Florez 0-0: Ball
1-0: Swinging Strike
1-1: Called Strike
1-2: Ball
2-2: Strikes out looking
Batting: SHB Ethan Newby 0-0: Ball
1-0: SINGLE (Groundball, 4, EV 96.9 MPH)
Dallas Kelly scores
Mike Swift to third
Josh Thomas to second
Runner from 3rd tries for Home, SAFE, throw by CF to home
Batting: RHB Hyeok Shon 0-0: Called Strike
0-1: Foul Ball, location: 2F
0-2: Ball
1-2: Ball
2-2: Foul Ball, location: 2F
2-2: Foul Ball, location: 2F
2-2: Ball
3-2: Base on Balls
Josh Thomas to third
Ethan Newby to second
Batting: RHB Edwin Romero 0-0: Called Strike
0-1: Ball
1-1: Swinging Strike
1-2: Ball
2-2: Strikes out swinging
Pitching: RHP Anastagio Fasola
Batting: SHB Ed Vargas 0-0: Ball
1-0: Ball
2-0: Ball
3-0: Base on Balls
Josh Thomas scores
Ethan Newby to third
Hyeok Shon to second
Batting: RHB D.J. Cooke 0-0: Ball
1-0: Swinging Strike
1-1: SINGLE (Line Drive, 9S, EV 112.5 MPH)
Ethan Newby scores
Hyeok Shon to third
Ed Vargas to second
Batting: LHB Dallas Kelly 0-0: Ball
1-0: Ball
2-0: Ball
3-0: Called Strike
3-1: Base on Balls
Hyeok Shon scores
Ed Vargas to third
D.J. Cooke to second
Batting: RHB Mike Swift 0-0: Ball
1-0: Swinging Strike
1-1: Ball
2-1: Foul Ball, location: 2F
2-2: Strikes out swinging
Top of the 9th over - 5 runs, 3 hits, 0 errors, 3 left on base; Missoula 15 - Chicago (APP) 0
BOTTOM OF THE 9TH
Chicago (APP) Cubs batting - Pitching for Missoula Osprey : RHP Edwin Martinez
Pitching: LHP Ian Tamburrino
Batting: RHB Adrian Cox 0-0: Ball
1-0: Ball
2-0: Ground out 6-3 (Groundball, 6S, EV 85.0 MPH)
Batting: RHB Mike Hill 0-0: Foul Ball, location: 2F
0-1: Ball
1-1: Ball
2-1: Foul Ball, location: 2F
2-2: Foul Ball, location: 2F
2-2: Reached on error, E6 (Groundball, 6, EV 101.9 MPH)
Batting: RHB T.J. Garrison 0-0: Ball
1-0: Foul Ball, location: 2F
1-1: Foul Ball, location: 2F
1-2: Ball
2-2: Strikes out looking
Batting: LHB Hiroki Yamamoto 0-0: Foul Ball, location: 2F
0-1: Foul Ball, location: 2F
0-2: Foul Ball, location: 2F
0-2: Strikes out swinging
Bottom of the 9th over - 0 runs, 0 hits, 1 error, 1 left on base; Missoula 15 - Chicago (APP) 0
Tuesday, September 13th , 2022 - OOTP Baseball 23.7 Build 88